 Dungeon Crawl Stone Soup version 0.30.1-11-g7821555f0a (webtiles) character file.

Game seed: 12773544622309161891

62 booth the Trooper (level 3, -3/34 HPs)
             Began as a Minotaur Fighter on Jan 8, 2024.
             Succumbed to Jessica's poison
             ... on level 2 of the Dungeon.
             The game lasted 00:05:31 (1013 turns).

booth the Trooper (Minotaur Fighter)                Turns: 1013, Time: 00:05:32

Health: -3/34      AC:  7    Str: 20    XL:     3   Next: 85%
Magic:  2/2        EV:  9    Int:  7    God:
Gold:   69         SH:  4    Dex:  9    Spells: 2/2 levels left

rFire   . . .        a - +0 war axe
rCold   . . .        c - +0 buckler
rNeg    . . .        b - +0 scale mail
rPois   .            (helmet restricted)
rElec   .            (no cloak)
rCorr   .            (no gloves)
SInv    .            (no boots)
Will    .....        (no amulet) Stlth
                     (no ring)
HPRegen 0.25/turn    (no ring)
MPRegen 0.08/turn

%: no passive effects
@: lethally poisoned (-3 -> -21)
A: horns 2, retaliatory headbutt
a: no special abilities


You were on level 2 of the Dungeon.
You visited 1 branch of the dungeon, and saw 2 of its levels.

You collected 69 gold pieces.

Inventory:

Hand Weapons
 a - a +0 war axe (weapon)
Missiles
 o - 3 javelins (quivered)
Armour
 b - a +0 scale mail (worn)
 c - a +0 buckler (worn)
Scrolls
 f - a scroll of blinking {unknown}
 h - 2 scrolls of fog {unknown}
 i - 2 scrolls of identify
 j - 2 scrolls of vulnerability {unknown}
Potions
 d - a potion of might
 e - a potion of curing
 g - a potion of heal wounds {unknown}
 k - a potion of lignification {unknown}
 m - 2 potions of cancellation {unknown}
 n - a potion of magic {unknown}


   Skills:
 + Level 4.4 Fighting
 * Level 4.1 Axes
 - Level 3.8 Armour
 - Level 3.8 Shields


You had 2 spell levels left.
You didn't know any spells.
Your spell library contained the following spells:

 Spells                   Type           Power      Damage    Failure   Level
 Cause Fear               Hex            0%         N/A       100%        4
 Dragon Form              Tmut           0%         N/A       100%        7
 Dragon's Call            Summ           0%         N/A       100%        9


Dungeon Overview and Level Annotations

Branches:
Dungeon (2/15)

Altars:


Innate Abilities, Weirdness & Mutations

You have a pair of horns on your head.
You reflexively headbutt those who attack you in melee.


Message History

Jessica the Apprentice Sorceress comes into view.
She is wielding a +0 dagger of venom.
Jessica shouts!
Found a runed trident.
A kobold comes into view. It is wielding a +0 short sword.
You closely miss Jessica. Jessica barely misses you. You furiously retaliate!
You headbutt Jessica, but do no damage.
Jessica hits you with a +0 dagger of venom.
You are poisoned.
You barely miss Jessica. You headbutt Jessica.
Jessica is moderately wounded.
You feel very sick. Jessica hits you but does no damage.
You are more poisoned.
You closely miss Jessica.
Jessica is moderately wounded.
You hit the kobold.
You feel very sick. You block Jessica's attack.
The kobold hits you but does no damage.
You hit Jessica. Your headbutt misses Jessica.
Jessica is severely wounded.
You barely miss the kobold.
You feel very sick. The kobold hits you but does no damage.
Jessica hits you but does no damage.
You are more poisoned.
Jessica hits you with a +0 dagger of venom.
You are more poisoned.
The kobold hits you but does no damage.
You slash Jessica!
You kill Jessica!
You closely miss the kobold.
* * * LOW HITPOINT WARNING * * *
You feel extremely sick.
The kobold hits you with a +0 short sword.
* * * LOW HITPOINT WARNING * * *
Your Axes skill increases to level 4!
* * * LOW HITPOINT WARNING * * *
You feel very sick.
You hit the kobold.
The kobold is severely wounded.
You die...

#...^..##.#
#####.#.####.#
........####.######
#####......†......#
#...###..####.#
#...# #..#
#...#.##..####.#
##.###.#.......# .#
#.@####..# ## ##K#
# #.)...)..#
#.#..###.## #..#..#
..# #..# ..# #..#
... #..# ## #..#


You could see a kobold.

Vanquished Creatures
  Jessica (D:2)
  3 bats
  2 endoplasms (D:1)
  A goblin (D:1)
  6 hobgoblins
  7 jackals (D:2)
  A kobold (D:1)
  2 quokkas
  3 ball pythons
  3 frilled lizards
  2 rats
31 creatures vanquished.

Notes
Turn   | Place    | Note
-------+----------+-------------------------------------------
     0 | D:1      | booth the Minotaur Fighter began the quest for the Orb.
     0 | D:1      | Reached XP level 1. HP: 19/19 MP: 0/0
   267 | D:1      | Reached XP level 2. HP: 27/27 MP: 1/1
   766 | D:2      | Found a faded altar of an unknown god.
   860 | D:2      | Reached XP level 3. HP: 33/33 MP: 2/2
  1005 | D:2      | Noticed Jessica
  1011 | D:2      | Killed Jessica
  1012 | D:2      | HP: 1/34 [poisoned by Jessica]
  1013 | D:2      | Succumbed to Jessica's poison

Illustrated notes

Levels and vault maps discovered:
D:1:      saegor_arrival_miasma, layout_basic
D:2:      cheibrodos_fertilizer, layout_loops_ring,
          shapermc_ecumenical_altar_mp_highgroup, grunt_ministairs_13,
          uniq_jessica

Skill      XL: |  1  2  3 |
---------------+----------+-----
Axes           | 3 4 |  4.1
Fighting       | 4 |  4.4
Armour         | |  3.8
Shields        | |  3.8

Action                     || total
---------------------------++-------
  Melee: War axe           ||    56
         Headbutt          ||     6
    Use: Scroll            ||     3
 Armour: Scale mail        ||    30
  Dodge: Dodged            ||    24
  Block: Buckler           ||    12
